| TOP OF THE 1ST |
|
Montreal Expos batting - Pitching for California Angels : LHP Aldo Questi
|
|
Pitching: LHP Aldo Questi
|
|
|
Batting: RHB Robby Juarez
|
0-0: Foul Ball, location: 2F 0-1: Ball 1-1: Foul Ball, location: 2F 1-2: Ball 2-2: Ground out 6-3 (Groundball, 6, EV 78.1 MPH)
|
|
Batting: SHB Pete Barutha
|
0-0: Ball 1-0: Foul Ball, location: 2F 1-1: Ball 2-1: Swinging Strike 2-2: Ball 3-2: Foul Ball, location: 2F 3-2: Base on Balls
|
|
Batting: RHB Mike Salmon
|
0-0: Ball 1-0: Swinging Strike 1-1: Ball Pete Barutha steals 2nd base 2-1: Ground out 5-3 (Groundball, 56, EV 109.4 MPH)
|
|
Batting: RHB Hugo Bautista
|
0-0: Ball 1-0: Ball 2-0: Ground out 5-3 (Groundball, 56, EV 85.0 MPH)
|
| Top of the 1st over - 0 runs, 0 hits, 0 errors, 1 left on base; Montreal 0 - California 0 |
| BOTTOM OF THE 1ST |
|
California Angels batting - Pitching for Montreal Expos : LHP Kyle Schlosschlonghair
|
|
Pitching: LHP Kyle Schlosschlonghair
|
|
|
Batting: RHB Nick Dunn
|
0-0: Ball 1-0: Foul Ball, location: 2F 1-1: Swinging Strike 1-2: Strikes out swinging
|
|
Batting: RHB Danny Odom
|
0-0: Foul Ball, location: 2F 0-1: Swinging Strike 0-2: Ball 1-2: Ball 2-2: Ball 3-2: Base on Balls
|
|
Batting: RHB Preston Deakyne
|
0-0: Ball 1-0: Fly out, F5 (Popup, 5S, EV 84.4 MPH)
|
|
Batting: RHB Dietmar Warmisch
|
0-0: Ball 1-0: Ball 2-0: Ground out 6-3 (Groundball, 6MD, EV 105.6 MPH)
|
| Bottom of the 1st over - 0 runs, 0 hits, 0 errors, 1 left on base; Montreal 0 - California 0 |
| TOP OF THE 2ND |
|
Montreal Expos batting - Pitching for California Angels : LHP Aldo Questi
|
|
Batting: LHB Steve Anderson
|
0-0: Ball 1-0: SINGLE (Flyball, 6MD, EV 92.5 MPH)
|
|
Batting: RHB John Ham
|
0-0: Ball 1-0: Foul Ball, location: 2F 1-1: Ball 2-1: Ball 3-1: Called Strike 3-2: Ground out 5-3 (Groundball, 5S, EV 71.9 MPH) Steve Anderson to second
|
|
Batting: RHB Martin Chavez
|
0-0: Ball 1-0: Ball 2-0: Swinging Strike 2-1: Foul Ball, location: 2F 2-2: Strikes out swinging
|
|
Batting: RHB Jesse Basich
|
0-0: Ball 1-0: Swinging Strike 1-1: Foul Ball, location: 2F 1-2: Fly out, F7 (Flyball, 78M, EV 90.0 MPH)
|
| Top of the 2nd over - 0 runs, 1 hit, 0 errors, 1 left on base; Montreal 0 - California 0 |
| BOTTOM OF THE 2ND |
|
California Angels batting - Pitching for Montreal Expos : LHP Kyle Schlosschlonghair
|
|
Batting: RHB Alain Delhaye
|
0-0: Called Strike 0-1: Swinging Strike 0-2: Ball 1-2: Strikes out swinging
|
|
Batting: LHB Josh Cook
|
0-0: Called Strike 0-1: Foul Ball, location: 2F 0-2: Ball 1-2: Strikes out swinging
|
|
Batting: LHB Micah Miller
|
0-0: Foul Ball, location: 2F 0-1: Ball 1-1: Called Strike 1-2: Strikes out swinging
|
| Bottom of the 2nd over - 0 runs, 0 hits, 0 errors, 0 left on base; Montreal 0 - California 0 |
| TOP OF THE 3RD |
|
Montreal Expos batting - Pitching for California Angels : LHP Aldo Questi
|
|
Batting: SHB Bran Stark
|
0-0: Ball 1-0: Called Strike 1-1: Fly out, F6 (Line Drive, 6, EV 60.0 MPH)
|
|
Batting: RHB Robby Juarez
|
0-0: SINGLE (Groundball, 6, EV 96.9 MPH)
|
|
Batting: SHB Pete Barutha
|
0-0: Ball 1-0: Called Strike Robby Juarez steals 2nd base 1-1: Hit by Pitch
|
|
Batting: RHB Mike Salmon
|
0-0: Foul Ball, location: 2F 0-1: Ball Robby Juarez steals 3rd base Pete Barutha to second 1-1: Ball 2-1: Called Strike 2-2: Ball 3-2: Foul Ball, location: 2F 3-2: Foul Ball, location: 2F 3-2: Base on Balls
|
|
Batting: RHB Hugo Bautista
|
0-0: Ball 1-0: Fly out, F8 (Flyball, 8LD, EV 92.5 MPH) Runner from 3rd tags up, SCORES, throw by CF Pete Barutha to third
|
|
Batting: LHB Steve Anderson
|
0-0: Called Strike 0-1: Called Strike 0-2: Ball 1-2: Ball 2-2: Ball 3-2: SINGLE (Groundball, 34D, EV 95.0 MPH) Pete Barutha scores Mike Salmon to second Mike Salmon to third
|
|
Batting: RHB John Ham
|
0-0: 3-RUN HOME RUN (Flyball, 9D, EV 98.8 MPH), Distance : 370 ft
|
|
Pitching: RHP George Rosario
|
|
|
Batting: RHB Martin Chavez
|
0-0: Ball 1-0: Ball 2-0: Ball 3-0: Called Strike 3-1: Base on Balls
|
|
Batting: RHB Jesse Basich
|
0-0: Fly out, F7 (Flyball, 78S, EV 86.9 MPH)
|
| Top of the 3rd over - 5 runs, 3 hits, 0 errors, 1 left on base; Montreal 5 - California 0 |
| BOTTOM OF THE 3RD |
|
California Angels batting - Pitching for Montreal Expos : LHP Kyle Schlosschlonghair
|
|
Batting: RHB Gael Jones
|
0-0: Foul Ball, location: 2F 0-1: Ball 1-1: Swinging Strike 1-2: Ball 2-2: Strikes out looking
|
|
Batting: LHB Vinny Carreno
|
0-0: Ball 1-0: Swinging Strike 1-1: Foul Ball, location: 2F 1-2: Ball 2-2: Strikes out looking
|
|
Batting: RHB Nick Dunn
|
0-0: Foul Ball, location: 2F 0-1: Ball 1-1: Swinging Strike 1-2: Foul Ball, location: 2F 1-2: Ground out 6-3 (Groundball, 6M, EV 86.9 MPH)
|
| Bottom of the 3rd over - 0 runs, 0 hits, 0 errors, 0 left on base; Montreal 5 - California 0 |
| TOP OF THE 4TH |
|
Montreal Expos batting - Pitching for California Angels : RHP George Rosario
|
|
Batting: SHB Bran Stark
|
0-0: Called Strike 0-1: Ball 1-1: Called Strike 1-2: Ball 2-2: Ball 3-2: Foul Ball, location: 2F 3-2: Foul Ball, location: 2F 3-2: Strikes out swinging
|
|
Batting: RHB Robby Juarez
|
0-0: Ball 1-0: Ball 2-0: Ball 3-0: Fly out, F8 (Flyball, 8LXD, EV 100.6 MPH)
|
|
Batting: SHB Pete Barutha
|
0-0: Ball 1-0: Ball 2-0: Ball 3-0: Called Strike 3-1: Base on Balls
|
|
Batting: RHB Mike Salmon
|
0-0: Called Strike Pete Barutha steals 2nd base (no throw) 0-1: Foul Ball, location: 2F 0-2: Ground out 5-3 (Groundball, 5, EV 87.5 MPH)
|
| Top of the 4th over - 0 runs, 0 hits, 0 errors, 1 left on base; Montreal 5 - California 0 |
| BOTTOM OF THE 4TH |
|
California Angels batting - Pitching for Montreal Expos : LHP Kyle Schlosschlonghair
|
|
Batting: RHB Danny Odom
|
0-0: Ball 1-0: Ball 2-0: Called Strike 2-1: Called Strike 2-2: Strikes out swinging
|
|
Batting: RHB Preston Deakyne
|
0-0: Called Strike 0-1: SOLO HOME RUN (Flyball, 89XD, EV 99.4 MPH), Distance : 378 ft
|
|
Batting: RHB Dietmar Warmisch
|
0-0: Called Strike 0-1: Ball 1-1: Ball 2-1: Ground out 6-3 (Groundball, 6, EV 100.6 MPH)
|
|
Batting: RHB Alain Delhaye
|
0-0: Swinging Strike 0-1: Fly out, F8 (Line Drive, 8LM, EV 93.1 MPH)
|
| Bottom of the 4th over - 1 run, 1 hit, 0 errors, 0 left on base; Montreal 5 - California 1 |
| TOP OF THE 5TH |
|
Montreal Expos batting - Pitching for California Angels : RHP George Rosario
|
|
Batting: RHB Hugo Bautista
|
0-0: Fly out, F8 (Flyball, 78D, EV 102.5 MPH)
|
|
Batting: LHB Steve Anderson
|
0-0: Called Strike 0-1: Ball 1-1: Called Strike 1-2: Strikes out swinging
|
|
Batting: RHB John Ham
|
0-0: Ball 1-0: Swinging Strike 1-1: Ball 2-1: Ball 3-1: Fly out, F7 (Line Drive, 7, EV 99.4 MPH)
|
| Top of the 5th over - 0 runs, 0 hits, 0 errors, 0 left on base; Montreal 5 - California 1 |
| BOTTOM OF THE 5TH |
|
California Angels batting - Pitching for Montreal Expos : LHP Kyle Schlosschlonghair
|
|
Batting: LHB Josh Cook
|
0-0: Foul Ball, location: 2F 0-1: Foul Ball, location: 2F 0-2: Ball 1-2: Fly out, F9 (Flyball, 9LM, EV 81.2 MPH)
|
|
Batting: LHB Micah Miller
|
0-0: Ball 1-0: Ball 2-0: SINGLE (Flyball, 78S, EV 87.5 MPH)
|
|
Batting: RHB Gael Jones
|
0-0: Ball 1-0: Called Strike 1-1: Foul Ball, location: 2F 1-2: Strikes out swinging
|
|
Batting: LHB Vinny Carreno
|
0-0: Called Strike 0-1: Ball 1-1: Ball 2-1: Foul Ball, location: 2F 2-2: Ball 3-2: Fly out, F8 (Flyball, 8RXD, EV 105.0 MPH)
|
| Bottom of the 5th over - 0 runs, 1 hit, 0 errors, 1 left on base; Montreal 5 - California 1 |
| TOP OF THE 6TH |
|
Montreal Expos batting - Pitching for California Angels : RHP George Rosario
|
|
Batting: RHB Martin Chavez
|
0-0: Ground out 5-3 (Groundball, 56, EV 101.9 MPH)
|
|
Batting: RHB Jesse Basich
|
0-0: Called Strike 0-1: Foul Ball, location: 2F 0-2: Ball 1-2: Ball 2-2: Strikes out swinging
|
|
Pitching: RHP Jakub Kvacek
|
|
|
Batting: SHB Bran Stark
|
0-0: Ground out 6-3 (Groundball, 6, EV 81.9 MPH)
|
| Top of the 6th over - 0 runs, 0 hits, 0 errors, 0 left on base; Montreal 5 - California 1 |
| BOTTOM OF THE 6TH |
|
California Angels batting - Pitching for Montreal Expos : LHP Kyle Schlosschlonghair
|
|
Batting: RHB Nick Dunn
|
0-0: Foul Ball, location: 2F 0-1: Swinging Strike 0-2: Foul Ball, location: 2F 0-2: Strikes out swinging
|
|
Batting: RHB Danny Odom
|
0-0: Ball 1-0: Ball 2-0: Ball 3-0: Base on Balls
|
|
Batting: RHB Preston Deakyne
|
0-0: Ball Danny Odom steals 2nd base (no throw) 1-0: Swinging Strike 1-1: Ball 2-1: Ball 3-1: Base on Balls
|
|
Batting: RHB Dietmar Warmisch
|
0-0: Foul Ball, location: 2F 0-1: Ball 1-1: Ball 2-1: Ball 3-1: Base on Balls Danny Odom to third Preston Deakyne to second
|
|
Batting: RHB Alain Delhaye
|
0-0: Foul Ball, location: 2F 0-1: Foul Ball, location: 2F 0-2: Ball 1-2: Foul Ball, location: 2F 1-2: Ball 2-2: Strikes out swinging
|
|
Batting: LHB Josh Cook
|
0-0: Called Strike 0-1: Ball 1-1: Called Strike 1-2: Foul Ball, location: 2F 1-2: Foul Ball, location: 2F 1-2: Foul Ball, location: 2F 1-2: Ball 2-2: Ball 3-2: SINGLE (Groundball, 4MD, EV 108.8 MPH) Danny Odom scores Preston Deakyne to third Dietmar Warmisch to second Preston Deakyne scores Dietmar Warmisch to third
|
|
Batting: LHB Micah Miller
|
0-0: Ball 1-0: Called Strike 1-1: Swinging Strike 1-2: Strikes out swinging
|
| Bottom of the 6th over - 2 runs, 1 hit, 0 errors, 2 left on base; Montreal 5 - California 3 |
| TOP OF THE 7TH |
|
Montreal Expos batting - Pitching for California Angels : RHP Jakub Kvacek
|
|
Batting: RHB Robby Juarez
|
0-0: Ball 1-0: Ball 2-0: Called Strike 2-1: Called Strike 2-2: Ball 3-2: Foul Ball, location: 2F 3-2: Strikes out looking
|
|
Batting: SHB Pete Barutha
|
0-0: Foul Ball, location: 2F 0-1: Ball 1-1: Ball 2-1: Ball 3-1: Ground out 6-3 (Groundball, 4, EV 86.9 MPH)
|
|
Batting: RHB Mike Salmon
|
0-0: SINGLE (Groundball, 6S, EV 93.8 MPH)
|
|
Batting: RHB Hugo Bautista
|
0-0: Foul Ball, location: 2F 0-1: Ball Mike Salmon steals 2nd base 1-1: Swinging Strike 1-2: Ball 2-2: Foul Ball, location: 2F 2-2: Foul Ball, location: 2F 2-2: Reached on error, E4 (Groundball, 4, EV 103.8 MPH) Mike Salmon scores
|
|
Batting: LHB Steve Anderson
|
0-0: Called Strike 0-1: Ground out 4-3 (Groundball, 4, EV 106.2 MPH)
|
| Top of the 7th over - 1 run, 1 hit, 1 error, 1 left on base; Montreal 6 - California 3 |
| BOTTOM OF THE 7TH |
|
California Angels batting - Pitching for Montreal Expos : LHP Kyle Schlosschlonghair
|
|
Pitching: RHP Justin Stone
|
|
|
Batting: RHB Gael Jones
|
0-0: Called Strike 0-1: Foul Ball, location: 2F 0-2: Ball 1-2: DOUBLE (Line Drive, 7LD, EV 108.8 MPH)
|
|
Batting: LHB Vinny Carreno
|
0-0: Ball Wild Pitch! Gael Jones to third 1-0: Ground out U3 (Groundball, 3, EV 108.1 MPH)
|
|
Batting: RHB Nick Dunn
|
0-0: Ground out 5-3 (Groundball, 5L, EV 108.8 MPH) Gael Jones scores
|
|
Batting: RHB Danny Odom
|
0-0: Foul Ball, location: 2F 0-1: Foul Ball, location: 2F 0-2: Ball 1-2: Ball 2-2: Foul Ball, location: 2F 2-2: Ground out 5-3 (Groundball, 56, EV 81.2 MPH)
|
| Bottom of the 7th over - 1 run, 1 hit, 0 errors, 0 left on base; Montreal 6 - California 4 |
| TOP OF THE 8TH |
|
Montreal Expos batting - Pitching for California Angels : RHP Jakub Kvacek
|
|
Pitching: RHP Ryan Terlizzi
|
|
|
Batting: RHB John Ham
|
0-0: Called Strike 0-1: Ball 1-1: Ball 2-1: Foul Ball, location: 2F 2-2: Foul Ball, location: 2F 2-2: Strikes out swinging
|
|
Batting: RHB Martin Chavez
|
0-0: Ball 1-0: Ball 2-0: SINGLE (Line Drive, 89M, EV 95.0 MPH)
|
|
Batting: RHB Jesse Basich
|
0-0: Fielders Choice at 2nd, 3-6 (Groundball, 34, EV 85.6 MPH)
|
|
Batting: SHB Bran Stark
|
0-0: Called Strike 0-1: Ball 1-1: Called Strike 1-2: Foul Ball, location: 2F 1-2: DOUBLE (Flyball, 78D, EV 105.0 MPH) Jesse Basich to third Jesse Basich scores
|
|
Batting: RHB Robby Juarez
|
0-0: Ball 1-0: Called Strike 1-1: Ground out 6-3 (Groundball, 6, EV 101.9 MPH)
|
| Top of the 8th over - 1 run, 2 hits, 0 errors, 1 left on base; Montreal 7 - California 4 |
| BOTTOM OF THE 8TH |
|
California Angels batting - Pitching for Montreal Expos : RHP Justin Stone
|
|
Batting: RHB Preston Deakyne
|
0-0: Ball 1-0: Foul Ball, location: 2F 1-1: Foul Ball, location: 2F 1-2: Foul Ball, location: 2F 1-2: Ball 2-2: Ball 3-2: Base on Balls
|
|
Batting: RHB Dietmar Warmisch
|
0-0: Foul Ball, location: 2F 0-1: SINGLE (Groundball, 34D, EV 102.5 MPH) Preston Deakyne to second Runner from 2nd tries for 3rd, SAFE, throw by RF made to third
|
|
Batting: RHB Alain Delhaye
|
0-0: Foul Ball, location: 2F 0-1: Foul Ball, location: 2F 0-2: Ball 1-2: Ball 2-2: Grounds into double play, 6-4-3 (Groundball, 6, EV 80.6 MPH) Preston Deakyne scores
|
|
Batting: LHB Josh Cook
|
0-0: Ball 1-0: Ball 2-0: Called Strike 2-1: Foul Ball, location: 2F 2-2: Strikes out swinging
|
| Bottom of the 8th over - 1 run, 1 hit, 0 errors, 0 left on base; Montreal 7 - California 5 |
| TOP OF THE 9TH |
|
Montreal Expos batting - Pitching for California Angels : RHP Ryan Terlizzi
|
|
Pitching: RHP Juan Gomez
|
|
|
Batting: SHB Pete Barutha
|
0-0: Swinging Strike 0-1: Ground out 2-3 (Groundball, 2L, EV 72.5 MPH)
|
|
Batting: RHB Mike Salmon
|
0-0: Called Strike 0-1: Foul Ball, location: 2F 0-2: Ball 1-2: Ball 2-2: SINGLE (Line Drive, 34D, EV 106.2 MPH)
|
|
Batting: RHB Hugo Bautista
|
0-0: Ball 1-0: Ball 2-0: Fly out, F6 (Popup, 4MS, EV 70.0 MPH)
|
|
Batting: LHB Steve Anderson
|
0-0: Called Strike 0-1: Called Strike 0-2: SINGLE (Groundball, 6D, EV 105.0 MPH) Mike Salmon to second
|
|
Batting: RHB John Ham
|
0-0: Called Strike 0-1: Called Strike 0-2: Strikes out swinging
|
| Top of the 9th over - 0 runs, 2 hits, 0 errors, 2 left on base; Montreal 7 - California 5 |
| BOTTOM OF THE 9TH |
|
California Angels batting - Pitching for Montreal Expos : RHP Justin Stone
|
|
Pitching: RHP Alan Taylor
|
|
|
Batting: LHB Micah Miller
|
0-0: Ball 1-0: Called Strike 1-1: Foul Ball, location: 2F 1-2: Foul Ball, location: 2F 1-2: Reached on error, E1 (Groundball, 34S, EV 70.6 MPH)
|
|
Batting: LHB Jack Bell
|
0-0: Called Strike 0-1: SINGLE (Groundball, 13S, EV 65.6 MPH) (infield hit) Micah Miller to third
|
|
Batting: LHB Vinny Carreno
|
0-0: Foul Ball, location: 2F 0-1: Fly out, F8 (Line Drive, 8LM, EV 97.5 MPH)
|
|
Batting: RHB Nick Dunn
|
0-0: Called Strike 0-1: Ball 1-1: SINGLE (Line Drive, 6D, EV 100.0 MPH) Micah Miller scores Jack Bell to second
|
|
Batting: RHB Danny Odom
|
0-0: Called Strike 0-1: Foul Ball, location: 2F 0-2: Foul Ball, location: 2F 0-2: Strikes out swinging
|
|
Batting: RHB Preston Deakyne
|
0-0: SINGLE (Line Drive, 8LS, EV 101.9 MPH) Jack Bell to third Nick Dunn to second Runner from 3rd tries for Home, SAFE, throw by CF to home
|
|
Batting: RHB Dietmar Warmisch
|
0-0: Foul Ball, location: 2F 0-1: Called Strike 0-2: Ball 1-2: Strikes out swinging
|
| Bottom of the 9th over - 2 runs, 3 hits, 1 error, 2 left on base; Montreal 7 - California 7 |
| TOP OF THE 10TH |
|
Montreal Expos batting - Pitching for California Angels : RHP Juan Gomez
|
|
Pinch Hitting: LHB Jimmy Buscemi
|
0-0: SINGLE (Groundball, 4MD, EV 95.6 MPH)
|
|
Batting: RHB Jesse Basich
|
0-0: Sac Bunt to 13S - play at second, runner OUT! 1-6
|
|
Batting: SHB Bran Stark
|
0-0: Called Strike 0-1: Ball 1-1: Ball 2-1: Ground out 5-3 (Groundball, 5, EV 77.5 MPH) Jesse Basich to second
|
|
Batting: RHB Robby Juarez
|
0-0: Ball 1-0: Ball 2-0: Ball 3-0: Called Strike 3-1: Foul Ball, location: 2F 3-2: Foul Ball, location: 2F 3-2: Base on Balls
|
|
Batting: SHB Pete Barutha
|
0-0: Fly out, F9 (Flyball, 9D, EV 93.1 MPH)
|
| Top of the 10th over - 0 runs, 1 hit, 0 errors, 2 left on base; Montreal 7 - California 7 |
| BOTTOM OF THE 10TH |
|
California Angels batting - Pitching for Montreal Expos : RHP Alan Taylor
|
|
Pitching: LHP David Sedillo
|
|
|
Now at C: Nick Sharp
|
|
|
Batting: RHB Alain Delhaye
|
0-0: Ball 1-0: Called Strike 1-1: Ball 2-1: Ball 3-1: Foul Ball, location: 2F 3-2: Strikes out looking
|
|
Batting: LHB Josh Cook
|
0-0: Foul Ball, location: 2F 0-1: Ball 1-1: Ball 2-1: Fly out, F5 (Popup, 5, EV 81.9 MPH)
|
|
Batting: LHB Micah Miller
|
0-0: Called Strike 0-1: Ball 1-1: Ball 2-1: Ball 3-1: Called Strike 3-2: Foul Ball, location: 2F 3-2: Base on Balls
|
|
Batting: LHB Jack Bell
|
0-0: Called Strike 0-1: Ball 1-1: Called Strike 1-2: Strikes out looking
|
| Bottom of the 10th over - 0 runs, 0 hits, 0 errors, 1 left on base; Montreal 7 - California 7 |
| TOP OF THE 11TH |
|
Montreal Expos batting - Pitching for California Angels : RHP Juan Gomez
|
|
Pitching: LHP Nick Yarbrough
|
|
|
Batting: RHB Mike Salmon
|
0-0: Ground out 6-3 (Groundball, 6, EV 85.6 MPH)
|
|
Batting: RHB Hugo Bautista
|
0-0: Ball 1-0: Swinging Strike 1-1: Swinging Strike 1-2: Ball 2-2: Ball 3-2: Base on Balls
|
|
Batting: LHB Steve Anderson
|
0-0: Called Strike 0-1: Ball 1-1: Ball 2-1: SINGLE (Line Drive, 9S, EV 109.4 MPH) Hugo Bautista to second Runner from 2nd tries for 3rd, SAFE, throw by RF made to third
|
|
Batting: RHB John Ham
|
0-0: Foul Ball, location: 2F 0-1: Ball 1-1: Called Strike 1-2: Ball 2-2: Strikes out swinging
|
|
Batting: RHB Nick Sharp
|
0-0: Called Strike 0-1: Ball 1-1: Foul Ball, location: 2F 1-2: Strikes out swinging
|
| Top of the 11th over - 0 runs, 1 hit, 0 errors, 2 left on base; Montreal 7 - California 7 |
| BOTTOM OF THE 11TH |
|
California Angels batting - Pitching for Montreal Expos : LHP David Sedillo
|
|
Pitching: RHP Jeff Urry
|
|
|
Batting: LHB Vinny Carreno
|
0-0: Ball 1-0: Called Strike 1-1: Swinging Strike 1-2: Ball 2-2: Ball 3-2: Strikes out swinging
|
|
Batting: RHB Nick Dunn
|
0-0: Called Strike 0-1: Called Strike 0-2: Foul Ball, location: 2F 0-2: Strikes out looking
|
|
Batting: RHB Danny Odom
|
0-0: Swinging Strike 0-1: Bunt for hit to 15S - play at first, batter safe!
|
|
Batting: RHB Preston Deakyne
|
0-0: Ball 1-0: Fly out, F8 (Line Drive, 8LM, EV 110.6 MPH)
|
| Bottom of the 11th over - 0 runs, 1 hit, 0 errors, 1 left on base; Montreal 7 - California 7 |
| TOP OF THE 12TH |
|
Montreal Expos batting - Pitching for California Angels : LHP Nick Yarbrough
|
|
Batting: RHB Jesse Basich
|
0-0: Called Strike 0-1: Called Strike 0-2: Ball 1-2: Foul Ball, location: 2F 1-2: Strikes out swinging
|
|
Batting: SHB Bran Stark
|
0-0: Swinging Strike 0-1: Ball 1-1: SINGLE (Line Drive, 8LS, EV 95.0 MPH)
|
|
Batting: RHB Robby Juarez
|
0-0: Called Strike 0-1: Ball 1-1: Swinging Strike 1-2: Ball 2-2: Hit by Pitch Bran Stark to second
|
|
Batting: SHB Pete Barutha
|
0-0: Called Strike Bran Stark steals 3rd base 0-1: SINGLE (Groundball, 56, EV 98.1 MPH) Bran Stark scores Robby Juarez to second
|
|
Batting: RHB Mike Salmon
|
0-0: Ball 1-0: Ball 2-0: Ball 3-0: Called Strike 3-1: Base on Balls Robby Juarez to third Pete Barutha to second
|
|
Pitching: RHP Joel Ciampi
|
|
|
Batting: RHB Hugo Bautista
|
0-0: Foul Ball, location: 2F 0-1: Called Strike 0-2: SINGLE (Flyball, 6D, EV 94.4 MPH) Robby Juarez scores Pete Barutha to third Mike Salmon to second Runner from 3rd tries for Home, SAFE, throw by CF to home
|
|
Batting: LHB Steve Anderson
|
0-0: Ball 1-0: Called Strike 1-1: Swinging Strike 1-2: Foul Ball, location: 2F 1-2: Foul Ball, location: 2F 1-2: Ball 2-2: DOUBLE (Groundball, 3L, EV 103.8 MPH) Mike Salmon scores Hugo Bautista to third Runner from 3rd tries for Home, SAFE, throw by RF to trailing runner, SAFE at third!
|
|
Batting: RHB John Ham
|
0-0: Ball 1-0: Ground out 4-3 (Groundball, 4M, EV 108.8 MPH) Steve Anderson scores
|
|
Batting: RHB Nick Sharp
|
0-0: Fly out, F3 (Popup, 23F, EV 82.5 MPH)
|
| Top of the 12th over - 6 runs, 4 hits, 0 errors, 0 left on base; Montreal 13 - California 7 |
| BOTTOM OF THE 12TH |
|
California Angels batting - Pitching for Montreal Expos : RHP Jeff Urry
|
|
Batting: RHB Dietmar Warmisch
|
0-0: Ball 1-0: Foul Ball, location: 2F 1-1: Foul Ball, location: 2F 1-2: Ball 2-2: DOUBLE (Line Drive, 9LM, EV 104.4 MPH)
|
|
Batting: RHB Alain Delhaye
|
0-0: Ball 1-0: Called Strike 1-1: Foul Ball, location: 2F 1-2: Foul Ball, location: 2F 1-2: Strikes out looking
|
|
Batting: LHB Josh Cook
|
0-0: Called Strike 0-1: Called Strike 0-2: Ground out 5-3 (Groundball, 5, EV 90.0 MPH)
|
|
Batting: LHB Micah Miller
|
0-0: Called Strike 0-1: Ball 1-1: Ball 2-1: Swinging Strike 2-2: Strikes out swinging
|
| Bottom of the 12th over - 0 runs, 1 hit, 0 errors, 1 left on base; Montreal 13 - California 7 |
|